AoeStats
← Kaiser Ze

Arabia

510027258Analyzed
1v1 RM · 3d ago on Sep 29, 2026· 33m 46s· 2 players
Game mode
Random Map
Map size
Tiny (2 player)
Population
200
Speed
Normal
Resources
Standard
Victory
Conquest
Starting age
Dark Age
Ending age
Imperial Age
RankedLock teamsTeams togetherTeam positionsShared explorationLock speedFull tech treeHidden civsTurbo modeCheats
Victory
Defeat
🇨🇳 Persians · China
1265
+17
🇨🇴 Magyars · Colombia
1290
-17
Kaiser Ze
6:04 Loom
9:27 Feudal Age
11:04 Double-Bit Axe
11:01 Horse Collar
21:27 Castle Age
21:09 Bloodlines
25:10 Wheelbarrow
26:31 Forging
26:48 Husbandry
29:06 Fletching
29:22 Gold Mining
30:00 Bow Saw
30:27 Bodkin Arrow
32:53 Thumb Ring
33:13 Parthian Tactics
33:51 Scale Barding Armor
ajacbz
6:45 Loom
9:07 Feudal Age
9:42 Double-Bit Axe
10:52 Horse Collar
19:35 Fletching
21:47 Castle Age
20:36 Scale Barding Armor
22:19 Bloodlines
24:01 Bow Saw
25:25 Pikeman
27:52 Husbandry
32:28 Scale Mail Armor
34:48 Wheelbarrow
Connection lost

Rejoining the realm…

Still unreachable

The connection could not be restored.

Session expired

The server has moved on; the page needs a fresh start.